 Dungeon Crawl Stone Soup version 0.24.0-28-g17ded55e90 (webtiles) character file.

Game seed: 14931624994655970973, levelgen mode: deterministic

74 Nattfarinn the Charmwright (level 4, -2/34 HPs)
             Began as a Barachi Skald on Nov 13, 2019.
             Slain by a killer bee (6 damage)
             ... on level 2 of the Dungeon.
             The game lasted 00:05:06 (2197 turns).

Nattfarinn the Charmwright (Barachi Skald)          Turns: 2197, Time: 00:05:07

Health: -2/34      AC:  4    Str: 11 (12) XL:     4   Next: 30%
Magic:  8/8        EV: 12    Int: 18 (19) God:
Gold:   88         SH:  0    Dex: 11 (12) Spells: 7/8 levels left

rFire    . . .     SeeInvis .   a - +0 falchion
rCold    . . .     Gourm    .   (no shield)
rNeg     . . .     Faith    .   b - +0 leather armour
rPois    .         Spirit   .   (no helmet)
rElec    .         Reflect  .   f - +0 cloak
rCorr    .         Harm     .   (no gloves)
MR       .....                  (no boots)
Stlth    ++........             k - amulet of magic regeneration
HPRegen  0.11/turn              c - ring of stealth
MPRegen  0.36/turn              (no ring)

@: brilliant, lethally poisoned (-2 -> -17), hasted, quick
A: +LOS, swims, slowness 1, strong legs 1
a: Hop


You were on level 2 of the Dungeon.
You were not hungry.

You visited 1 branch of the dungeon, and saw 3 of its levels.

You collected 88 gold pieces.

Inventory:

Hand Weapons
 a - a +0 falchion (weapon)
Missiles
 j - 12 poisoned darts (quivered)
Armour
 b - a +0 leather armour (worn)
 f - a +0 cloak (worn)
Jewellery
 c - a ring of stealth (left hand)
 k - an amulet of magic regeneration (around neck)
Scrolls
 h - a scroll of fear {unknown}
 i - a scroll of enchant armour {unknown}
Potions
 m - a potion of curing {unknown}
Comestibles
 d - 7 rations


   Skills:
 + Level 2.9 Fighting
 + Level 3.0 Long Blades
 + Level 2.1 Armour
 + Level 2.7 Dodging
 + Level 2.6 Spellcasting
 * Level 4.0 Charms


You had 7 spell levels left.
You knew the following spells:

 Your Spells              Type           Power        Failure   Level  Hunger
a - Infusion              Chrm           ####         1%          1    #......

Your spell library contained the following spells:

 Spells                   Type           Power        Failure   Level  Hunger
 Shroud of Golubria       Chrm/Tloc      ###...       1%          2    ##.....
 Song of Slaying          Chrm           ####....     1%          2    ##.....
 Regeneration             Chrm/Necr      ###.......   3%          3    ###....
 Spectral Weapon          Hex/Chrm       ###.....     3%          3    ###....


Dungeon Overview and Level Annotations

Branches:
Dungeon (3/15)

Altars:
Ashenzari
Fedhas
Hepliaklqana
Ru


Innate Abilities, Weirdness & Mutations

Shadows flee at your approach. (+LOS)
You can swim through water.
You cover ground slowly.
You can hop short distances.


Message History

You closely miss the killer bee. The killer bee closely misses you. x3
The killer bee stings you.
You are lethally poisoned!
The killer bee poisons you!
You miss the killer bee.
You feel sick. The killer bee barely misses you. x3
It was a potion of degeneration.
There was something very wrong with that liquid.
You feel weakened.
You feel dopey.
You feel clumsy.
* * * LOW HITPOINT WARNING * * *
You feel sick.
The killer bee stings you but does no damage.
The killer bee stings you.
* * * LOW HITPOINT WARNING * * *
The killer bee stings you.
* * * LOW HITPOINT WARNING * * *
It was a potion of brilliance.
You feel clever all of a sudden.
* * * LOW HITPOINT WARNING * * *
You feel sick. The killer bee completely misses you. The killer bee stings you.
You die...

#.# ###.....##.####.#.#..# ###
#.#######.....#^#....#.##.# ##..
#.....# ###...#8#....#..#.####(..
#.....# ##...#^#....##..........
#.....####....#.#.........###.###
#................................
#......................#.#...####
#..(..#####....y.........##..##
#.....########.#@.............##
.........###....y.....##..###..#
#.....##..............##.......##
......#######.##......##..###....
#.#.### #...##......###...#.###
#....# #..###......#####.#..##
#..#.#### ##..<........##....#...
...#....# #####.............####
#..#..#.# ########.....(####


You could see 2 killer bees.

Vanquished Creatures
  2 adders (D:2)
  A worm (D:2)
  2 leopard geckos (D:2)
  5 giant cockroaches
  6 goblins
  5 hobgoblins
  5 jackals
  6 kobolds
  5 bats
  4 frilled lizards
  10 rats
51 creatures vanquished.

Notes
Turn   | Place    | Note
-------+----------+-------------------------------------------
     0 | D:1      | Nattfarinn the Barachi Skald began the quest for the Orb.
     0 | D:1      | Reached XP level 1. HP: 17/17 MP: 3/3
   282 | D:1      | Reached XP level 2. HP: 15/23 MP: 5/5
   819 | D:1      | Reached XP level 3. HP: 17/28 MP: 0/6
  1156 | D:2      | Found a hazy altar of Hepliaklqana.
  1169 | D:2      | Found a shattered altar of Ashenzari.
  1174 | D:2      | Found a sacrificial altar of Ru.
  1587 | D:2      | Found a blossoming altar of Fedhas.
  1771 | D:2      | Reached XP level 4. HP: 32/34 MP: 3/7
  2011 | D:2      | Reached skill level 4 in Charms
  2197 | D:2      | Slain by a killer bee

Levels and vault maps discovered:
D:1:      minmay_arrival_four_circles, layout_basic
D:2:      layout_rooms, fedhas_altar_3, grunt_temple_overflow_open,
          first_ration, ebering_dispersal_statue_hall, minmay_misc_feat_columns
D:3:      layout_basic, uniq_natasha

Skill      XL: |  1  2  3  4 |
---------------+-------------+-----
Armour         | 2 |  2.1
Long Blades    | 3 |  3.0
Charms         | 4 |  4.0
Fighting       | |  2.9
Dodging        | |  2.7
Spellcasting   | |  2.6

Action                   |  1- 3 |  4- 6 || total
-------------------------+-------+-------++-------
Melee: Falchion          |   135 |    25 ||   160
Throw: Dart              |     1 |       ||     1
 Cast: Infusion          |     5 |       ||     5
  Use: Potion            |       |     3 ||     3
 Stab: Sleeping          |     4 |     1 ||     5
  Eat: Chunk             |     3 |     2 ||     5
Armor: Leather armour    |    37 |    10 ||    47
Dodge: Dodged            |   118 |    42 ||   160
       Rpst.: Falchion   |    47 |    11 ||    58
